 Seeded DCSS version 0.30-a0-358-g0d69a1922f (webtiles) character file.

Game seed: 12371564671554323536 (custom seed)

46 purpskrrrp the Cudgeller (level 3, 0/33 HPs)
             Began as a Minotaur Fighter on Nov 9, 2022.
             Slain by an adder (3 damage)
             ... on level 1 of the Dungeon.
             The game lasted 00:01:50 (1189 turns).

purpskrrrp the Cudgeller (Minotaur Fighter)         Turns: 1189, Time: 00:01:50

Health: 0/33       AC:  8    Str: 22    XL:     3   Next: 44%
Magic:  2/2        EV:  9    Int:  5    God:
Gold:   13         SH:  4    Dex:  9    Spells: 2/2 levels left

rFire   . . .      SeeInvis .    a - +0 flail
rCold   . . .      Faith    .    c - +0 buckler
rNeg    . . .      Spirit   .    b - +0 scale mail
rPois   .          Reflect  .    (helmet restricted)
rElec   .          Harm     .    g - +0 cloak
rCorr   .          Rampage  .    (no gloves)
Will    .....                    (no boots)
Stlth   ..........               (no amulet)
HPRegen 0.25/turn                (no ring)
MPRegen 0.08/turn                (no ring)

@: about to teleport, weak-willed
A: horns 2, retaliatory headbutt
a: no special abilities


You were on level 1 of the Dungeon.
You visited 1 branch of the dungeon, and saw 2 of its levels.

You collected 13 gold pieces.

Inventory:

Hand Weapons
 a - a +0 flail (weapon)
Missiles
 j - 2 atropa-tipped darts
Armour
 b - a +0 scale mail (worn)
 c - a +0 buckler (worn)
 g - a +0 cloak (worn)
Scrolls
 f - 3 scrolls of identify {unknown}
Potions
 d - a potion of might
 i - a potion of flight {unknown}


   Skills:
 - Level 3.6 Fighting
 + Level 4.7 Maces & Flails
 - Level 3.6 Armour
 - Level 3.6 Shields


You had 2 spell levels left.
You didn't know any spells.
Your spell library was empty.

Dungeon Overview and Level Annotations

Branches:
Dungeon (2/15)

Altars:

Shops:
D:1 [*[

Annotations:
D:2 Robin


Innate Abilities, Weirdness & Mutations

You have a pair of horns on your head.
You reflexively headbutt those who attack you in melee.


Message History

You block the adder's attack. The goblin hits you with a +0 club.
* * * LOW HITPOINT WARNING * * *
The hobgoblin closely misses you. You furiously retaliate!
You headbutt the hobgoblin!
You kill the hobgoblin!
The hobgoblin hits you but does no damage.
You block Robin's attack.
The hobgoblin hits you but does no damage.
The adder bites you but does no damage. You block the goblin's attack.
The hobgoblin hits you but does no damage.
Robin hits you but does no damage. You block the hobgoblin's attack.
The hobgoblin attacks as you move away! The hobgoblin hits you.
* * * LOW HITPOINT WARNING * * *
You block the adder's attack. The goblin hits you but does no damage.
Robin throws the goblin at you!
There is an escape hatch in the ceiling here.
You see here a hobgoblin corpse.
The hobgoblin no longer looks unusually strong.
You block the adder's attack. Robin barely misses you.
The goblin barely misses you. The hobgoblin closely misses you.
You furiously retaliate!
You headbutt the hobgoblin.
You kill the hobgoblin!
The hobgoblin hits you but does no damage.
You block the adder's attack. A mysterious force pulls you upwards.
The hatch slams shut behind you.
As you read the scroll labelled WYRGHUA XAYPA, it crumbles to dust.
Magic quickly surges around you.
It was a scroll of vulnerability.
You block the adder's attack. The goblin hits you with a +0 club.
* * * LOW HITPOINT WARNING * * *
The hobgoblin barely misses you.
As you read the scroll labelled IBUUQA HU BANWEIT, it crumbles to dust.
You feel strangely unstable.
It was a scroll of teleportation.
The hobgoblin no longer looks unusually strong.
You block the adder's attack. The goblin hits you but does no damage.
The hobgoblin hits you.
* * * LOW HITPOINT WARNING * * *
Okay, then.
The goblin attacks as you move away! The goblin hits you but does no damage.
The adder bites you.
You die...

#..######.#############
#......................
#.##########.#######...
#.######..##.# #...
#.....##.###.# #...
#####.##.# #.# #...
#.##.# #.# ####
#.##g###.# # #.@.g..#.#
# #.S....#.# #
#........# #
##......##### #
#...........# #
##......###.# #
##.##### #.#
###.#######.#
#...........#


You could see an adder (weak-willed), a hobgoblin (weak-willed) and a goblin
(strong, weak-willed).

Vanquished Creatures
  6 bats (D:1)
  5 endoplasms (D:1)
  A giant cockroach (D:1)
  9 goblins
  5 hobgoblins
  4 jackals (D:1)
  5 kobolds (D:1)
  2 frilled lizards (D:1)
  A rat (D:2)
38 creatures vanquished.

Notes
Turn   | Place    | Note
-------+----------+-------------------------------------------
     0 | D:1      | purpskrrrp the Minotaur Fighter began the quest for the
                  | Orb.
     0 | D:1      | Reached XP level 1. HP: 19/19 MP: 0/0
   120 | D:1      | Found Yroa's Assorted Antiques.
   213 | D:1      | Reached skill level 3 in Maces & Flails
   220 | D:1      | Reached XP level 2. HP: 27/27 MP: 1/1
   315 | D:1      | Found Zeky's Armour Boutique.
   593 | D:1      | Found Niwes's Armour Boutique.
   615 | D:1      | Reached skill level 4 in Maces & Flails
   679 | D:1      | Reached XP level 3. HP: 25/33 MP: 2/2
  1167 | D:2      | Noticed Robin
  1189 | D:1      | Slain by an adder

Illustrated notes

Levels and vault maps discovered:
D:1:      dpeg_arrival_rhombi, layout_basic, serial_shops, shop_statue,
          nicolae_diamond_shop, shop, roderic_lattice_a
D:2:      layout_basic, uniq_natasha, uniq_robin

Skill      XL: |  1  2 |
---------------+-------+-----
Maces & Flails | 3 4 |  4.7
Fighting       | |  3.6
Armour         | |  3.6
Shields        | |  3.6

Action                   || total
-------------------------++-------
Melee: Flail             ||    67
       Headbutt          ||    10
  Use: Scroll            ||     2
Armor: Scale mail        ||    44
Dodge: Dodged            ||    44
Block: Buckler           ||    32

Table legend: (Time is in decaauts)
 A = Elapsed time spent in this place.
 B = Non-inter-level travel time spent in this place.
 C = Inter-level travel time spent in this place.
 D = Time resting spent in this place.
 E = Time spent auto-exploring this place.
 F = Levels seen in this place.
 G = Mean time per level.
                   A        B        C        D        E       F      G
               +--------+--------+--------+--------+--------+-----+--------+
         Total |   1205 |   1169 |     36 |      0 |    970 |   2 |  602.5 |
       Dungeon |   1205 |   1169 |     36 |      0 |    970 |   2 |  602.5 |
               +--------+--------+--------+--------+--------+-----+--------+

Top non-repeatable levels by time:
     D:1: 1160 daAuts
     D:2: 44 daAuts
